 Dungeon Crawl Stone Soup version 0.27-a0-328-g7f782ed93a (webtiles) character file.

Game seed: 14689980496086543404

5 CurlyBrace the Caller (level 1, 8/8 HPs)
             Began as a Felid Summoner on Feb 11, 2021.
             Quit the game on level 1 of the Dungeon.
             The game lasted 00:00:39 (93 turns).

CurlyBrace the Caller (Felid Summoner)                Turns: 93, Time: 00:00:39

Health: 8/8        AC:  1    Str:  4    XL:     1   Next: 66%
Magic:  4/4        EV: 18    Int: 16    God:
Gold:   12         SH:  0    Dex: 16    Spells: 3/4 levels left
                                        Lives:  0   Deaths: 0

rFire    . . .     SeeInvis +   (weapon unavailable)
rCold    . . .     Faith    .   (shield unavailable)
rNeg     . . .     Spirit   .   (armour unavailable)
rPois    .         Reflect  .   (helmet unavailable)
rElec    .         Harm     .   (cloak unavailable)
rCorr    .         Rampage  .   (gloves unavailable)
Will     .....                  (boots unavailable)
Stlth    +++.......             (no amulet)
HPRegen  0.02/turn              (no ring)
MPRegen  0.09/turn              (no ring)

@: quick
A: very small, no armour, no weapons or thrown items, stealth, claws 1, fangs 3,
see invisible, speed 1, shaggy fur 1, sharp paws
a: no special abilities


You were on level 1 of the Dungeon.
You visited 1 branch of the dungeon, and saw 1 of its levels.

You collected 12 gold pieces.

You aren't carrying anything.


   Skills:
 * Level 0.5 Fighting
 + Level 2.8 Dodging
 + Level 2.8 Stealth
 * Level 0.5 Unarmed Combat
 - Level 2.0 Spellcasting
 - Level 4.0 Summonings


You had 3 spell levels left.
You knew the following spells:

 Your Spells              Type           Power        Failure   Level
a - Summon Small Mammal   Summ           56%          4%          1

Your spell library contained the following spells:

 Spells                   Type           Power        Failure   Level
 Call Imp                 Summ           14%          6%          2
 Call Canine Familiar     Summ           14%          12%         3
 Summon Guardian Golem    Hex/Summ       8%           26%         3
 Summon Ice Beast         Ice/Summ       8%           65%         4
 Summon Lightning Spire   Summ/Air       8%           65%         4


Dungeon Overview and Level Annotations

Branches:
Dungeon (1/15)

Altars:


Innate Abilities, Weirdness & Mutations

You cannot wear armour.
You are incapable of wielding weapons or throwing items.
Your paws allow you to move quietly. (Stealth)
You have sharp claws.
You have razor-sharp teeth.
You have supernaturally acute eyesight. (SInv)
You cover ground quickly.
You are covered in fur. (AC +1)
Your sharp claws are effective at attacking unaware monsters.


Message History

The kobold is severely wounded.
Your bat closely misses the frilled lizard.
Your bat barely misses the kobold.
The kobold barely misses you.
Unknown command.
You scratch the kobold.
You kill the kobold!
Your bat barely misses the kobold.
Unknown command.
You scratch the kobold. You bite the kobold.
The kobold is severely wounded.
Your bat barely misses the frilled lizard.
The kobold closely misses you.
Your magical contamination has completely faded away.
Unknown command.
You scratch the kobold.
You kill the kobold!
Your bat closely misses the frilled lizard.
Unknown command.
You barely miss the frilled lizard.
The frilled lizard is heavily wounded.
Your bat misses the frilled lizard.
Your bat closely misses the frilled lizard.
The frilled lizard misses you.
You barely miss the frilled lizard.
The frilled lizard is heavily wounded.
Your bat barely misses the frilled lizard.
The frilled lizard bites you but does no damage.
Unknown command.
You miss the frilled lizard.
The frilled lizard is heavily wounded.
Your bat hits the frilled lizard.
The frilled lizard dies!
No target in view!
Things that are here:
a +0 dagger; 2 stones; a frilled lizard corpse Your bat disappears in a puff of smoke!
A bat comes into view.
You pounce on the unaware helpless bat!
You claw the bat!
You kill the bat!
Are you sure you want to abandon this character and quit the game? (Confirm with "yes".)

.....#..†....+.......
#.#####..####.......
#...#...## ##...... #
#.#.### ##...^. #...#
##...# ##.## ##+# #.#
##.## #@..#
#......... ##...#####
##.## ###


There were no monsters in sight!

Vanquished Creatures
  A hobgoblin (D:1)
  2 kobolds (D:1)
  A bat (D:1)
4 creatures vanquished.

Vanquished Creatures (collateral kills)
  A frilled lizard (D:1)
1 creature vanquished.

Grand Total: 5 creatures vanquished

Notes
Turn   | Place    | Note
-------+----------+-------------------------------------------
     0 | D:1      | CurlyBrace the Felid Summoner began the quest for the Orb.
     0 | D:1      | Reached XP level 1. HP: 7/7 MP: 4/4
    93 | D:1      | Quit the game

Illustrated notes

Levels and vault maps discovered:
D:1:      eino_arrival_cavern_b, layout_loops_corners, moated_statue

Action                   || total
-------------------------++-------
Melee: Unarmed           ||    17
       Bite              ||     2
 Cast: Summon Small Mamm ||     1
 Stab: Sleeping          ||     1
Armor: Skin              ||     2
Dodge: Dodged            ||    14

Table legend: (Time is in decaauts)
 A = Elapsed time spent in this place.
 B = Non-inter-level travel time spent in this place.
 C = Inter-level travel time spent in this place.
 D = Time resting spent in this place.
 E = Time spent auto-exploring this place.
 F = Levels seen in this place.
 G = Mean time per level.
                   A        B        C        D        E       F      G
               +--------+--------+--------+--------+--------+-----+--------+
         Total |     80 |     74 |      6 |      0 |      0 |   1 |   80.0 |
       Dungeon |     80 |     74 |      6 |      0 |      0 |   1 |   80.0 |
               +--------+--------+--------+--------+--------+-----+--------+

Top non-repeatable levels by time:
     D:1: 80 daAuts
